 Dungeon Crawl Stone Soup version 0.32-a0-312-g1d7162e751 (webtiles) character file.

Game seed: 8083003776156084905

114 Nattfarinn the Changeling (level 4, -1/42 HPs)
             Began as an Octopode Shapeshifter on Feb 15, 2024.
             Slain by a gnoll
             ... wielding a +0 whip
              (2 damage)
             ... on level 3 of the Dungeon.
             The game lasted 00:01:52 (1826 turns).

Nattfarinn the Changeling (Octopode Shapeshifter)   Turns: 1826, Time: 00:01:53

Health: -1/42      AC: 22    Str: 15    XL:     4   Next: 97%
Magic:  4/4        EV:  2    Int: 12    God:
Gold:   225        SH:  0    Dex: 11    Spells: 3/3 levels left

rFire   . .          .
                       - Unarmed
rCold   . . .        (no shield)
rNeg    . . .        (helmet currently unavailable)
rPois   +            (no amulet)
rElec   .            (no ring)
rCorr   .            (no ring)
SInv    .            (no ring)
Will    .....        (no ring)
Stlth   +            (no ring)
HPRegen 0.27/turn    (no ring)
MPRegen 0.09/turn    (no ring)
                     (no ring)

%: no passive effects
@: tree-form
A: stationary, stasis, torment immunity, boosted hp, almost no armour,
(amphibious), 8 rings, (camouflage 1), (gelatinous body 1), (nimble swimmer 1),
(tentacles)
a: no special abilities


You were on level 3 of the Dungeon.
You were a tree.
You visited 1 branch of the dungeon, and saw 4 of its levels.

You collected 225 gold pieces.

Inventory:

Jewellery
 m - a ring of see invisible
Talismans
 b - a beast talisman (active)
 c - a flux talisman
Scrolls
 d - 2 scrolls of identify {unknown}
 f - a scroll of fog {unknown}
 g - 3 scrolls of enchant armour {unknown}
 h - a scroll of amnesia {unknown}
 j - a scroll of noise {unknown}
 k - a scroll of torment {unknown}
Potions
 e - 2 potions of curing
 i - a potion of enlightenment {unknown}
 l - 2 potions of might {unknown}


   Skills:
 - Level 1.0 Fighting
 - Level 2.0 Dodging
 - Level 3.0 Unarmed Combat
 * Level 5.1 Shapeshifting


You had 3 spell levels left.
You didn't know any spells.
Your spell library contained the following spells:

 Spells                   Type           Power      Damage    Failure   Level
 Cigotuvi's Dreadful Rot  Necr/Alch/Air  0%         N/A       45%         2
 Ignite Poison            Fire/Alch      0%         N/A       97%         4
 Freezing Cloud           Conj/Ice/Air   0%         6-21      100%        5


Dungeon Overview and Level Annotations

Branches:
Dungeon (4/15)
 Temple: D:4-7

Altars:
Qazlal

Shops:
D:2 :


Innate Abilities, Weirdness & Mutations

You are a tree.
Your roots penetrate the ground, keeping you stationary.
You cannot be teleported.
You are immune to unholy pain and torment.
Your maximum health is greatly increased.
You cannot wear most types of armour.
((You are amphibious.))
You can wear up to eight rings at the same time.
((Your skin changes colour to match your surroundings (Stealth+).))
((Your rubbery body absorbs attacks. (AC +1, EV +1)))
((You are camouflaged when in or above water. (Stealth+)))
((You have tentacles for arms and can constrict up to eight enemies at once.))


Message History

The gnoll shouts!
The gnoll misses you. The gnoll hits you with a +0 halberd!
You barely miss the gnoll. Your grab misses the gnoll.
The gnoll hits you with a +0 flail!
You closely miss the gnoll. Your grab misses the gnoll. The gnoll misses you.
The gnoll hits you from afar with a +0 spear.
The gnoll barely misses you.
Unknown command.
Your transformation has ended.
You turn into a tree.
Your roots penetrate the ground.
The gnoll hits you with a +0 flail.
* * * LOW HITPOINT WARNING * * *
The gnoll hits you with a +0 halberd.
* * * LOW HITPOINT WARNING * * *
The gnoll hits you but does no damage.
You hit the gnoll.
The gnoll is moderately wounded.
The gnoll hits you but does no damage. x3
Unknown command.
You hit the gnoll.
The gnoll is heavily wounded.
The gnoll hits you but does no damage. x3; The gnoll barely misses you.
You barely miss the gnoll.
The gnoll is heavily wounded.
The gnoll hits you with a +0 halberd.
* * * LOW HITPOINT WARNING * * *
The gnoll hits you but does no damage. x3
Unknown command.
You closely miss the gnoll.
The gnoll is heavily wounded.
The gnoll hits you but does no damage. x2; The gnoll hits you with a +0 whip.
* * * LOW HITPOINT WARNING * * *
The gnoll barely misses you.
Unknown command.
It was a potion of curing.
You feel better. The gnoll hits you with a +0 halberd!
* * * LOW HITPOINT WARNING * * *
The gnoll hits you with a +0 whip.
You die...

#### ...##### ###
........ ..# ##.#####
#.#
##.#############.#######
........................
#...############..$....#
.........# #..####.#
#...####.# #♣g# ##.##
#gg# #.# .g.# #.# ##.##
##.# #.# ...# #.# ####
#.# #.#


You could see 4 gnolls.

Vanquished Creatures
  An adder (D:2)
  2 dart slugs
  6 ball pythons
  4 endoplasms
  3 giant cockroaches
  7 goblins
  8 hobgoblins
  4 jackals (D:2)
  2 quokkas
  6 bats
  3 frilled lizards
  6 kobolds (D:1)
  2 rats (D:1)
54 creatures vanquished.

Notes
Turn   | Place    | Note
-------+----------+-------------------------------------------
     0 | D:1      | Nattfarinn the Octopode Shapeshifter began the quest for
                  | the Orb.
     0 | D:1      | Reached XP level 1. HP: 13/13 MP: 1/1
    93 | D:1      | Reached XP level 2. HP: 18/18 MP: 2/2
   188 | D:1      | Reached XP level 3. HP: 18/23 MP: 3/3
   234 | D:1      | Reached skill level 4 in Shapeshifting
   296 | D:1      | Found a faded altar of an unknown god.
   616 | D:1      | Reached XP level 4. HP: 22/28 MP: 4/4
   961 | D:2      | Found Qapunit's Book Emporium.
  1159 | D:2      | You fall into a shaft and drop 2 floors!
  1249 | D:2      | Found a stormy altar of Qazlal.
  1405 | D:2      | Reached skill level 5 in Shapeshifting
  1826 | D:3      | HP: 1/42 [gnoll/+0 halberd (10)]
  1826 | D:3      | Slain by a gnoll

Illustrated notes

Levels and vault maps discovered:
D:1:      onia_arrival_mini_maze_b, layout_basic, ebering_ecumenical_altar_rust,
          minmay_gold_behind_fungi, feat_on_display
D:2:      minmay_wonky_spiral, layout_loops_ring, serial_shops,
          nicolae_book_shop_shelving, basic_altar
D:3:      layout_loops_ring
D:4:      layout_basic, hex_medium

Skill      XL: |  1  2  3  4 |
---------------+-------------+-----
Shapeshifting  | 4 5 |  5.1
Fighting       | |  1.0
Dodging        | |  2.0
Unarmed Combat | |  3.0

Action                     |  1- 3 |  4- 6 || total
---------------------------+-------+-------++-------
  Melee: Unarmed           |    58 |    50 ||   108
         Constrict         |    14 |    11 ||    25
         Punch             |     2 |       ||     2
         Tentacles         |     8 |     9 ||    17
    Use: Potion            |       |     2 ||     2
   Stab: Sleeping          |     7 |     3 ||    10
         Distracted        |       |     1 ||     1
 Armour: Skin              |    23 |    38 ||    61
  Dodge: Dodged            |    26 |    37 ||    63

Table legend: (Time is in decaauts)
 A = Elapsed time spent in this place.
 B = Non-inter-level travel time spent in this place.
 C = Inter-level travel time spent in this place.
 D = Time resting spent in this place.
 E = Time spent auto-exploring this place.
 F = Levels seen in this place.
 G = Mean time per level.
                   A        B        C        D        E       F      G
               +--------+--------+--------+--------+--------+-----+--------+
         Total |   1819 |   1737 |     82 |      0 |   1424 |   4 |  454.8 |
       Dungeon |   1819 |   1737 |     82 |      0 |   1424 |   4 |  454.8 |
               +--------+--------+--------+--------+--------+-----+--------+

Top non-repeatable levels by time:
     D:1: 917 daAuts
     D:2: 803 daAuts
     D:3: 88 daAuts
     D:4: 9 daAuts
